 Dungeon Crawl Stone Soup version 0.23.0 (webtiles) character file.

Game seed: 7476400274087947744

3 LostNumber the Skirmisher (level 1, -2/18 HPs)
             Began as a Demonspawn Abyssal Knight on Feb 10, 2019.
             Was an Initiate of Lugonu.
             Slain by a gnoll (5 damage)
             ... on level 1 of the Dungeon.
             The game lasted 00:00:28 (177 turns).

LostNumber the Skirmisher (DsAK)                     Turns: 177, Time: 00:00:29

Health: -2/18      AC:  3    Str: 12    XL:     1   Next: 41%
Magic:  2/2        EV: 11    Int: 13    God:    Lugonu [......]
Gold:   0          SH:  0    Dex: 12    Spells: 0/0 levels left

rFire    . . .     SeeInvis .   a - +1 hand axe
rCold    . . .     Gourm    .   (no shield)
rNeg     . . .     Faith    .   b - +0 leather armour
rPois    .         Spirit   .   (no helmet)
rElec    .         Reflect  .   (no cloak)
rCorr    .         Harm     .   (no gloves)
MR       .....                  (no boots)
Stlth    +.........             (no amulet)
HPRegen  0.06/turn              (no ring)
MPRegen  0.08/turn              (no ring)

@: no status effects
A: no striking features
a: Renounce Religion


You were on level 1 of the Dungeon.
You worshipped Lugonu.
Lugonu was noncommittal.
You were not hungry.

You visited 1 branch of the dungeon, and saw 1 of its levels.
You visited the Abyss 1 time.

Inventory:

Hand Weapons
 a - a +1 hand axe (weapon)
Armour
 b - a +0 leather armour (worn)
Scrolls
 c - a scroll of teleportation {unknown}
 d - a scroll of identify {unknown}
 f - a scroll of noise {unknown}
Comestibles
 e - a ration {!d}


   Skills:
 + Level 3.0 Fighting
 * Level 1.9 Axes
 - Level 1.7 Armour
 - Level 0.8 Dodging
 + Level 2.5 Invocations


You couldn't memorise any spells.
You didn't know any spells.
Your spell library was empty.

Dungeon Overview and Level Annotations

Branches:
Dungeon (1/15)

Altars:


Message History

You hit the kobold.
You kill the kobold!
Lugonu accepts your kill. The goblin hits you with a +0 spear.
Things that are here:
a +0 whip; a stone You closely miss the goblin.
The goblin barely misses you. The goblin hits you but does no damage.
You miss the goblin. The goblin barely misses you.
You hit the goblin.
You kill the goblin!
Lugonu accepts your kill.
No target in view!
No target in view!
No target in view!
You see here a +0 spear.
Found a club.
You see here a club.
Found a scroll labeled RACVELA KILOTO.
Found a tubular onyx ring and a robe.
f - a scroll labeled RACVELA KILOTO A bat comes into view.
Found a stone staircase leading down.
You see here a tubular onyx ring.
A bat is nearby!
A rat and a gnoll come into view.
The gnoll shouts!
Unknown command.
Unknown command.
You see here a tubular onyx ring.
Unknown command.
Unknown command.
The rat barely misses you.
You barely miss the rat. The rat bites you.
You slash the rat!
You kill the rat!
Lugonu accepts your kill.
You barely miss the gnoll. The gnoll hits you but does no damage.
You hit the gnoll. The gnoll barely misses you.
You hit the gnoll but do no damage. The gnoll closely misses you. x2
You closely miss the gnoll. The gnoll hits you but does no damage.
You closely miss the gnoll. The gnoll barely misses you.
You barely miss the gnoll. The gnoll hits you.
You hit the gnoll. The gnoll closely misses you.
You barely miss the gnoll. The gnoll hits you. The gnoll closely misses you.
You hit the gnoll. The gnoll misses you.
You closely miss the gnoll. The gnoll hits you!
* * * LOW HITPOINT WARNING * * *
You hit the gnoll. The gnoll hits you.
You die...

#. .... .# #.#
...#### #.#.#.#
r...b.# #.#.#.#.#
......# #....[...
..... # ...#.#.# ...
#.###.#.#.####.#.#
#.#.....#.@g=....#
#.........####.....>.
###.#...#....#...####
#.#........#...#
#.#.#.######...#
#.#.#.# .... #.#.#.#
.#### #.#.#.# ..
#.#.#..


You could see a gnoll.

Vanquished Creatures
  A goblin (D:1)
  A kobold (D:1)
  A rat (D:1)
3 creatures vanquished.

Notes
Turn   | Place    | Note
-------+----------+-------------------------------------------
     0 | Abyss:1  | LostNumber the Demonspawn Abyssal Knight began the quest
                  | for the Orb.
     0 | Abyss:1  | Reached XP level 1. HP: 18/18 MP: 2/2
    58 | Abyss:1  | Noticed a raiju
    60 | D:1      | Escaped the Abyss
   177 | D:1      | Slain by a gnoll

Action                   || total
-------------------------++-------
Melee: Hand axe          ||    20
Invok: Depart the Abyss  ||     1
Armor: Leather armour    ||     4
Dodge: Dodged            ||    14
